cohdb
Replays
Latest Replays
All Replays
Popular Replays
Top Player Replays
Match Explorer
How It Works
Community
CoH3 Stats
Reddit
Sign in to upload your games and track your stats! →
Sign in with Steam
Match 37574327
Unlisted
Match 37574327
Overview
Messages
Build Orders
End
Kradschützen Motorcycle Team
Selects Armored Support Battlegroup
250 Light Carrier
Panzergrenadier Squad
Panzergrenadier Squad
Construct Light Support Kompanie
Selects Superior Fire Drills
Construct Mechanized Kompanie
Selects Salvage Kits
Construct Mechanized Kompanie
Assault Mechanized Group
Support Armor Elements
StuG III D Assault Gun
StuG III D Assault Gun
Panzerjäger Squad
Pak 38 Mechanized Group
Construct Panzerarmee Kommand
Panzer III L Medium Tank
Selects Panzer Storm
Selects Flammpanzer III Medium Tank
Emergency Repair Kits
Panzer III L Medium Tank
Tungsten Core Ammunition
deadsadbadmad
Alessandro-9891
marty_not_mcfly
Volundur
0
0
Comments
sign in to comment!
No comments posted yet!